 Dungeon Crawl Stone Soup version 0.27.1-1-g398f81649c (webtiles) character file.

Game seed: 14196160903893683888

13056 DoubleLucky the Fighter (level 12, -7/84 HPs)
             Began as a Gargoyle Earth Elementalist on Sept 6, 2021.
             Was an Elder of Nemelex Xobeh.
             Mangled by a cane toad simulacrum (13 damage)
             ... in an ice cave.
             The game lasted 01:26:38 (15567 turns).

DoubleLucky the Fighter (GrEE)                     Turns: 15567, Time: 01:26:39

Health: -7/84      AC: 22    Str: 15    XL:     12   Next: 2%
Magic:  12/22      EV:  9    Int: 18    God:    Nemelex Xobeh [****..]
Gold:   353        SH:  6    Dex: 10    Spells: 13/24 levels left

rFire    . . .     SeeInvis .   f - +1 dagger (speed)
rCold    . . .     Faith    .   A - +2 buckler
rNeg     + . .     Spirit   .   i - +1 scale mail {Will+}
rPois    ∞         Reflect  .   (no helmet)
rElec    +         Harm     .   X - +1 cloak
rCorr    .         Rampage  .   p - +0 pair of gloves
Will     ++...                  o - +0 pair of boots
Stlth    ..........             F - amulet of magic regeneration
HPRegen  0.24/turn              b - ring of wizardry
MPRegen  0.43/turn              Y - ring of willpower

@: slowed, very slow
A: sickness immunity, AC +8, negative energy resistance 1, electricity
resistance, torment resistance 1, petrification resistance
a: Renounce Religion, Draw Escape, Draw Destruction, Draw Summoning, Triple
Draw, Deal Four


You were in an ice cave.
You worshipped Nemelex Xobeh.
Nemelex Xobeh was greatly pleased with you.
You visited 1 branch of the dungeon, and saw 11 of its levels.
You also visited: Sewer and Ice Cave.

You collected 505 gold pieces.
You spent 152 gold pieces at shops.

Inventory:

Hand Weapons
 f - a +1 dagger of speed (weapon)
 z - a +0 mace of venom
Missiles
 e - 53 poisoned darts
 I - 44 stones
 R - a curare-tipped dart
 U - 2 throwing nets
Armour
 i - a +1 scale mail of willpower (worn)
 o - a +0 pair of boots (worn)
 p - a +0 pair of gloves (worn)
 q - a +0 robe of the Archmagi
 x - a scarf of shadows
 A - a +2 buckler (worn)
 J - the +2 chain mail of Lust {Rampage rF- Regen+}
   (You found it on level 4 of the Dungeon)

   rF:        It makes you vulnerable to fire.
   Regen:     It increases your rate of health regeneration.
   Rampage:   It bestows one free step when moving towards enemies.
 S - a +2 robe of willpower
 X - a +1 cloak (worn)
Jewellery
 b - a ring of wizardry (left hand)
 s - a ring of flight
 t - an amulet of faith
 F - an amulet of magic regeneration (around neck)
 K - a ring of see invisible
 M - an amulet of the acrobat
 Y - a ring of willpower (right hand)
Wands
 c - a wand of digging (5)
 g - a wand of paralysis (19)
 u - a wand of acid (13)
 Q - a wand of flame (10)
 V - a wand of mindburst (18)
Scrolls
 d - 2 scrolls of summoning
 l - 4 scrolls of teleportation
 w - a scroll of magic mapping {unknown}
 y - a scroll of fear {unknown}
 B - 4 scrolls of fog
 D - a scroll of brand weapon {unknown}
 E - 2 scrolls of enchant weapon
 O - a scroll of blinking {unknown}
 P - a scroll of vulnerability {unknown}
 T - 2 scrolls of amnesia {unknown}
 W - 2 scrolls of acquirement {unknown}
Potions
 a - 8 potions of curing
 h - a potion of invisibility {unknown}
 j - 2 potions of flight
 k - 2 potions of brilliance
 m - 2 potions of cancellation
 n - a potion of lignification {unknown}
 r - 2 potions of might
 v - a potion of magic {unknown}
 C - 4 potions of heal wounds
 G - a potion of resistance
 H - a potion of haste
 L - 4 potions of berserk rage
 N - a potion of ambrosia {unknown}


   Skills:
 + Level 13.4 Fighting
 + Level 6.1 Armour
 - Level 1.5 Dodging
 - Level 2.1 Stealth
 - Level 4.0 Shields
 + Level 6.7 Spellcasting
 - Level 7.0 Conjurations
 - Level 0.7 Transmutations
 - Level 10.0 Earth Magic


You had 13 spell levels left.
You knew the following spells:

 Your Spells              Type           Power      Damage    Failure   Level
a - Sandblast             Erth           84%        2d18      1%          1
b - Stone Arrow           Conj/Erth      72%        3d11      1%          3
c - Passwall              Tmut/Erth      20%        N/A       2%          2
d - Lee's Rapid Deconstr  Erth           21%        3d13*     7%          5

Your spell library contained the following spells:

 Spells                   Type           Power      Damage    Failure   Level
 Magic Dart               Conj           100%       1d8       1%          1
 Foxfire                  Conj/Fire      72%        2x1d7     3%          1
 Conjure Flame            Conj/Fire      18%        6-21      11%         3
 Beastly Appendage        Tmut           16%        N/A       12%         1
 Animate Skeleton         Necr           12%        N/A       16%         1
 Apportation              Tloc           12%        N/A       16%         1
 Corona                   Hex            6%         N/A       16%         1
 Summon Small Mammal      Summ           24%        N/A       16%         1
 Petrify                  Tmut/Erth      25%        N/A       16%         4
 Wereblood                Tmut           8%         N/A       17%         2
 Mephitic Cloud           Conj/Pois/Air  14%        N/A       17%         3
 Call Imp                 Summ           6%         N/A       22%         2
 Slow                     Hex            6%         N/A       22%         2
 Spider Form              Tmut/Pois      3%         N/A       36%         3
 Confusing Touch          Hex            6%         N/A       41%         3
 Inner Flame              Hex/Fire       6%         N/A       41%         3
 Vampiric Draining        Necr           3%         2d6       41%         3
 Yara's Violent Unravell  Hex/Tmut       3%         3d4       97%         5


Dungeon Overview and Level Annotations

Branches:
Dungeon (11/15)            Temple (0/1) D:6            Lair (0/6) D:10
    Orc (0/2) D:9           Sewer (visited)           IceCv (1/1)

Altars:
Nemelex Xobeh
Xom
The Shining One

Shops:
D:5 ?   D:7 ?


Innate Abilities, Weirdness & Mutations

You are immune to sickness and miasma.
Your stone body is resilient. (AC +8)
You are immune to poison.
You resist negative energy. (rN+)
You are resistant to electric shocks. (rElec)
You are resistant to unholy torment.
You are immune to petrification.


Message History

Okay, then.
You draw a card...
You have drawn the Dance.
Okay, then.
Unknown command.
You draw a card...
You have drawn the Orb.
Press: ? - help, Shift-Dir - straight line, f - cane toad simulacrum, p - death yak simulacrum
Aim: a cane toad simulacrum
Casting: Lee's Rapid Deconstruction (dangerous; 7% risk of failure)
Confirm with . or Enter, or press ? or * to list all spells.
Aiming: Lee's Rapid Deconstruction (dangerous; 7% risk of failure)
Press: ? - help, Dir - move target, f - death yak simulacrum, p - cane toad simulacrum Fragment what (e.g. wall or brittle monster)?: a death yak simulacrum (lightly damaged)
The death yak simulacrum shatters!!
The death yak simulacrum is severely damaged.
The icy blast hits the cane toad simulacrum!
The cane toad simulacrum partially resists.
The cane toad simulacrum is heavily damaged.
The wavering orb of destruction hits the cane toad simulacrum!!
The cane toad simulacrum vaporises!
Your orb of destruction hits an ice covered rock wall.
Your +1 long sword "Qoahusa" {freeze, rN+ Will+ Int-5 Dex+2} hits the freezing wraith.
The cane toad simulacrum barely misses you. x2
The freezing wraith hits you. The freezing wraith freezes you!!
The freezing wraith hits you! The freezing wraith drains your vigour!
You feel yourself slow down.
Press: ? - help, v - describe, . - travel
Here: a polar bear simulacrum (magical condensation)
The floor.
As you read the scroll of fog, it crumbles to dust.
The scroll dissolves into smoke.
Your orb of destruction hits an ice covered rock wall. x2
Your +1 long sword "Qoahusa" {freeze, rN+ Will+ Int-5 Dex+2} hits the freezing wraith.
The cane toad simulacrum hits you. The cane toad simulacrum freezes you!!
* * * LOW HITPOINT WARNING * * *
The cane toad simulacrum hits you!
* * * LOW HITPOINT WARNING * * *
The cane toad simulacrum freezes you!
You die...
Your body glows with a rainbow of weird colours and disappears.

#######
##...○.##
##...§°..##
##.°○§§°§..##
#.°.§Z@Z....#
#○...ZW○○...#
#...§○.(....#
#.○○○Z........#
#....8...8....#
#......$......#
##....)(?....##
#...:.©.)...#


You could see a freezing wraith (ally target), a death yak simulacrum, 2 cane
toad simulacra, a polar bear simulacrum and a friendly +1 long sword "Qoahusa"
{freeze, rN+ Will+ Int-5 Dex+2} (summoned).

Vanquished Creatures
  Erica (D:8)
  3 two-headed ogres (D:10)
  A gargoyle (D:10)
  A kobold demonologist (D:11)
  2 komodo dragons (D:10)
  A troll (D:7)
  A hornet (D:7)
  Prince Ribbit (D:6)
  A shadow (D:10)
  A wraith (D:6)
  23 yaks
  A wyvern (D:10)
  A steam dragon (D:9)
  4 vampire mosquitoes (D:10)
  The ghost of imbaldmole the Sneak, an amateur OpBr of Cheibriados (D:4)
  3 water moccasins
  An orc warrior (D:9)
  A sky beast (D:5)
  3 black bears
  2 centaurs (D:10)
  2 ogres
  A phantom (D:7)
  2 kobold brigands
  Blork the orc (D:5)
  5 bullfrogs
  6 scorpions
  A cane toad simulacrum (IceCv)
  A water moccasin skeleton (D:5)
  A killer bee (D:7)
  3 electric eels (D:8)
  3 howler monkeys
  A jelly (D:7)
  3 bullfrog skeletons (D:4)
  2 centaur zombies
  3 gnoll shamans
  2 centaur skeletons
  5 orc priests
  Crazy Yiuf (D:3)
  Ijyb (D:4)
  4 iguanas
  2 spriggan simulacra (D:11)
  9 orc wizards
  A troll simulacrum (D:11)
  2 howler monkey zombies
  33 gnolls
  12 adders
  A howler monkey skeleton (D:4)
  3 river rats
  A shadow imp (D:5)
  2 white imps
  3 worms
  4 dart slugs
  30 orcs
  7 ball pythons
  4 bats
  11 endoplasms
  4 giant cockroaches
  15 goblins
  8 hobgoblins
  5 quokkas
  3 frilled lizards
  23 kobolds
  13 rats
297 creatures vanquished.

Vanquished Creatures (collateral kills)
  A basilisk (D:8)
  2 kobolds (D:8)
3 creatures vanquished.

Vanquished Creatures (others)
  27 fungi (D:10)
  31 plants (D:10)
58 creatures vanquished.

Grand Total: 358 creatures vanquished

Notes
Turn   | Place    | Note
-------+----------+-------------------------------------------
     0 | D:1      | DoubleLucky the Gargoyle Earth Elementalist began the quest
                  | for the Orb.
     0 | D:1      | Reached XP level 1. HP: 10/10 MP: 3/3
   148 | D:1      | Reached XP level 2. HP: 16/16 MP: 3/5
   157 | D:1      | Reached skill level 1 in Armour
   209 | D:1      | Reached skill level 1 in Fighting
   504 | D:1      | Reached XP level 3. HP: 20/20 MP: 6/6
  1264 | D:2      | Found a faded altar of an unknown god.
  1439 | D:2      | Reached skill level 2 in Fighting
  1439 | D:2      | Reached XP level 4. HP: 26/26 MP: 4/7
  1481 | D:2      | Found a sparkling altar of Nemelex Xobeh.
  1493 | D:2      | Became a worshipper of Nemelex Xobeh the Trickster
  1614 | D:2      | Learned a level 3 spell: Stone Arrow
  2418 | D:3      | Reached skill level 1 in Conjurations
  2418 | D:3      | Reached XP level 5. HP: 25/31 MP: 4/8
  2889 | D:3      | Reached skill level 5 in Earth Magic
  2911 | D:3      | Reached skill level 3 in Fighting
  3167 | D:3      | Found a runed translucent door.
  3168 | D:3      | Noticed Crazy Yiuf
  3174 | D:3      | Killed Crazy Yiuf
  3175 | D:3      | Reached XP level 6. HP: 37/37 MP: 2/9
  3353 | D:4      | Found a glowing drain.
  3354 | D:4      | Noticed Ijyb
  3376 | D:4      | Killed Ijyb
  3458 | Sewer    | Entered a sewer
  4687 | D:4      | Reached XP level 7. HP: 35/42 MP: 2/10
  4807 | D:4      | Reached skill level 4 in Fighting
  4813 | D:4      | Learned a level 2 spell: Passwall
  4973 | D:4      | Reached * piety under Nemelex Xobeh
  4996 | D:4      | Reached skill level 1 in Shields
  5483 | D:4      | Identified the +2 chain mail of Lust {Rampage rF- Regen+}
  5714 | D:4      | Found a runed translucent gate.
  5715 | D:4      | Found a runed translucent gate.
  5715 | D:4      | Found a runed translucent gate.
  5716 | D:4      | Noticed imbaldmole's ghost (amateur OpBr)
  5768 | D:4      | Found a shimmering altar of Xom.
  5924 | D:4      | Reached XP level 8. HP: 48/48 MP: 2/12
  6464 | D:4      | Killed imbaldmole's ghost
  6465 | D:4      | Reached skill level 5 in Fighting
  6601 | D:5      | Entered Level 5 of the Dungeon
  6744 | D:5      | Noticed a yak
  6745 | D:5      | Noticed Blork the orc
  6745 | D:5      | Noticed a yak
  6855 | D:5      | Received a gift from Nemelex Xobeh
  6875 | D:5      | Noticed a yak
  6879 | D:5      | Noticed a yak
  6882 | D:5      | Noticed a yak
  6918 | D:4      | Killed a yak
  6927 | D:4      | Killed a yak
  6928 | D:4      | Reached skill level 5 in Conjurations
  7061 | D:4      | Killed a yak
  7062 | D:4      | Reached skill level 6 in Fighting
  7091 | D:4      | Killed a yak
  7092 | D:4      | Reached XP level 9. HP: 50/55 MP: 7/15
  7221 | D:5      | Killed Blork the orc
  7285 | D:5      | Found Igupsus's Magic Scroll Shop.
  7401 | D:5      | Bought a scroll of identify for 26 gold pieces
  7401 | D:5      | Bought a scroll of identify for 26 gold pieces
  7401 | D:5      | Bought a scroll of identify for 26 gold pieces
  7401 | D:5      | Bought a scroll of identify for 26 gold pieces
  8006 | D:6      | Noticed Prince Ribbit
  8012 | D:6      | Killed Prince Ribbit
  8013 | D:6      | Reached skill level 7 in Fighting
  8013 | D:6      | Reached skill level 5 in Spellcasting
  8250 | D:6      | Reached ** piety under Nemelex Xobeh
  8501 | D:6      | Received a gift from Nemelex Xobeh
  8739 | D:6      | Found a staircase to the Ecumenical Temple.
  8826 | D:7      | Noticed a hornet
  8831 | D:7      | Killed a hornet
  9226 | D:7      | Received a gift from Nemelex Xobeh
  9261 | D:7      | Reached skill level 8 in Fighting
  9425 | D:7      | Reached XP level 10. HP: 64/64 MP: 6/19
  9812 | D:7      | Reached *** piety under Nemelex Xobeh
 10025 | D:7      | Received a gift from Nemelex Xobeh
 10261 | D:7      | Found Tiogisos's Magic Scroll Emporium.
 10271 | D:7      | Bought a scroll of identify for 24 gold pieces
 10271 | D:7      | Bought a scroll of identify for 24 gold pieces
 10512 | D:8      | Received a gift from Nemelex Xobeh
 10624 | D:8      | Noticed Erica
 11220 | D:8      | Reached skill level 9 in Fighting
 11224 | D:8      | Reached skill level 5 in Armour
 11325 | D:8      | Learned a level 5 spell: Lee's Rapid Deconstruction
 11363 | D:8      | Killed Erica
 11364 | D:8      | Reached skill level 10 in Fighting
 12006 | D:9      | Found a staircase to the Orcish Mines.
 12112 | D:9      | Reached skill level 11 in Fighting
 12465 | D:9      | Reached **** piety under Nemelex Xobeh
 12592 | D:9      | Received a gift from Nemelex Xobeh
 12801 | D:9      | Reached XP level 11. HP: 53/74 MP: 5/20
 13430 | D:10     | Entered Level 10 of the Dungeon
 13430 | D:10     | Noticed a two-headed ogre
 13514 | D:10     | Found a staircase to the Lair.
 13517 | D:10     | Noticed a two-headed ogre
 13523 | D:10     | Killed a two-headed ogre
 13747 | D:9      | Reached skill level 12 in Fighting
 13965 | D:10     | Noticed a two-headed ogre
 13983 | D:10     | Killed a two-headed ogre
 13984 | D:10     | Reached skill level 10 in Earth Magic
 14308 | D:10     | Reached skill level 13 in Fighting
 14378 | D:10     | Found a glowing golden altar of the Shining One.
 14738 | D:10     | Killed a two-headed ogre
 15338 | D:10     | Received a gift from Nemelex Xobeh
 15536 | D:11     | Reached XP level 12. HP: 84/84 MP: 12/22
 15544 | D:11     | Found a frozen archway.
 15562 | IceCv    | Entered an ice cave
 15564 | IceCv    | Identified the +1 long sword "Qoahusa" {freeze, rN+ Will+
                  | Int-5 Dex+2}
 15567 | IceCv    | Mangled by a cane toad simulacrum

Illustrated notes

Levels and vault maps discovered:
D:1:      mrwooster_arrival_statue_2, layout_loops_corners
D:2:      layout_basic, basic_altar, ebering_ecumenical_altar_ruins,
          kennysheep_generic_room_7
D:3:      kennysheep_the_goblin_king, layout_rooms, uniq_crazy_yiuf_cottage
D:4:      layout_basic, gammafunk_ghost_necromancy, portal_sewer_entry_a,
          minmay_ruined_shrine, uniq_ijyb
D:5:      layout_rooms, serial_shops, shop_scrolls, hangedman_decor_growths,
          hangedman_decor_diamond_cutter, nrook_campfire,
          minmay_splitting_lines, uniq_blork_the_orc
D:6:      layout_basic, minmay_temple_entry_fiery, uniq_prince_ribbit1
D:7:      minmay_thick_lines, layout_basic, serial_shops, nicolae_square_shop,
          interstate_on_off
D:8:      layout_cave_pools, minmay_crystal_room, disabler_island, uniq_erica
D:9:      layout_loops_corners, orc_0_dummy, minivault_27
D:10:     layout_small_grid, nicolae_tso_carved_into_rock,
          due_lair_maze_entry_diamond
D:11:     layout_small_grid, enter_bailey_5, portal_ice_cave_entry_ice_simulacra
IceCv:    ice_cave_statue_garden_transporter

Skill      XL: |  1  2  3  4  5  6  7  8  9 10 11 |
---------------+----------------------------------+-----
Armour         | 1 2 3 5 6 |  6.1
Fighting       | 1 2 3 4 6 8 11 13 | 13.4
Earth Magic    | 4 5 6 8 10 | 10.0
Conjurations   | 1 2 4 5 7 |  7.0
Shields        | 2 4 |  4.0
Spellcasting   | 4 6 |  6.7
Dodging        | |  1.5
Stealth        | |  2.1
Transmutations | |  0.7

Action                   |  1- 3 |  4- 6 |  7- 9 | 10-12 || total
-------------------------+-------+-------+-------+-------++-------
Melee: Dagger            |    61 |   211 |   219 |   104 ||   595
 Cast: Sandblast         |    27 |    45 |    56 |    50 ||   178
       Stone Arrow       |       |    22 |    82 |   114 ||   218
       Lee's Rapid Decon |       |       |       |    33 ||    33
Invok: Draw Destruction  |       |       |     4 |    12 ||    16
       Draw Summoning    |       |       |       |     2 ||     2
  Use: Scroll            |       |     3 |     5 |     5 ||    13
       Potion            |       |     2 |       |       ||     2
 Stab: Sleeping          |     5 |       |       |       ||     5
Armor: Robe              |     7 |    81 |    75 |    37 ||   200
       Scale mail        |       |       |       |    11 ||    11
Dodge: Dodged            |    26 |   100 |    76 |    56 ||   258
Block: Buckler           |       |       |    44 |    35 ||    79
